Nordiques vs Devils
Created - March 3, 2019 at 22:31
Goals
|
| Nordiques |
0 |
1 |
0 |
1 |
| Devils |
1 |
3 |
3 |
7 |
|
Shots
|
| Nordiques |
9 |
9 |
10 |
28 |
| Devils |
12 |
13 |
15 |
40 |
|
1st period
1. Devils , Johnny Gaudreau 20 (Sidney Crosby 43, Luke Schenn 35) at 10:16 (PP)
Penalties :
Marc Savard (Que) for Cross-checking (Minor) at 4:49, Trevor Daley (Que) for Goalie Interference (Minor) at 9:22, Sidney Crosby (NJD) for High sticking (Minor) at 18:00
2nd period
2. Devils , Johnny Gaudreau 21 (Kevin Shattenkirk 48, Luke Schenn 36) at 10:10
3. Devils , Johnny Gaudreau 22 (Luke Schenn 37, Sidney Crosby 44) at 10:42 (PP)
4. Nordiques , Mark Eaton 3 (Kyle Calder 12, George Parros 8) at 19:14
5. Devils , Luke Schenn 5 (Jordan Eberle 26, Sidney Crosby 45) at 19:36 (PP)
Penalties :
Alexander Perezhogin (NJD) for Tripping (Minor) at 2:09, Tyler Cuma (NJD) for Holding (Minor) at 5:07, Marc Savard (Que) for Hooking (Minor) at 10:33, Chris Drury (Que) for Interference (Minor) at 16:22, Marc Savard (Que) for Roughing (Minor) at 19:32
3rd period
6. Devils , Tyler Bozak 6 (Brandon Bollig 3, Kellan Lain 10) at 0:48
7. Devils , Anthony Stewart 7 (Kellan Lain 11, Scott Gomez 15) at 5:34
8. Devils , Johnny Gaudreau 23 (Jordan Eberle 27, Scott Gomez 16) at 15:55
Penalties :
Jay Bouwmeester (Que) for Hooking (Minor) at 5:37, Brayden Schenn (NJD) for Hooking (Minor) at 10:56, Johnny Gaudreau (NJD) for Hooking (Minor) at 15:56, David Legwand (Que) for High sticking (Minor) at 18:33
Goalie Stats
Julien Ellis (Que), 33 saves from 40 shots - (0.825), L, 1-2-0, 60:00 minutes
Ryan Miller (NJD), 27 saves from 28 shots - (0.964), W, 21-22-3, 60:00 minutes
Players Stats for Nordiques
Player Name G A P +/- PIM S H SB GA TA FO MP PP MP PK MP
------------------------------------------------------------------------------------
Chris Drury 0 0 0 -2 2 0 1 0 1 0 2/3 11:59 0:04 0:41
David Legwand 0 0 0 -2 2 1 1 1 0 0 4/8 16:34 4:18 2:07
Dustin Byfuglien 0 0 0 -1 0 0 1 0 0 2 0/0 11:36 0:00 0:17
Fedor Tyutin 0 0 0 -2 0 0 0 1 2 1 0/0 22:52 4:19 5:11
George Parros 0 1 1 1 0 1 1 0 0 0 0/0 7:45 0:00 0:00
Jay Bouwmeester 0 0 0 0 2 1 1 0 0 1 0/0 22:39 5:36 0:00
Jean-Pierre Dumont 0 0 0 -2 0 1 2 1 1 0 0/0 10:04 0:00 0:00
Kyle Calder 0 1 1 1 0 1 0 0 0 0 0/0 8:43 0:04 0:51
Marc Savard 0 0 0 0 6 1 0 2 1 0 26/43 21:34 5:33 3:45
Mark Eaton 1 0 1 -1 0 3 0 2 0 0 0/0 14:38 0:00 3:19
Matt Moulson 0 0 0 -2 0 3 0 0 0 0 0/0 10:04 0:00 0:00
Mike Fisher 0 0 0 1 0 2 0 0 0 0 4/6 7:45 0:00 0:00
R.J. Umberger 0 0 0 -2 0 3 2 2 0 0 1/3 17:44 4:18 2:02
Ryan Callahan 0 0 0 -2 0 1 0 0 1 0 0/0 15:32 4:18 0:00
Ryan Ellis 0 0 0 0 0 3 1 2 3 0 0/0 28:14 5:36 5:11
Simon Gagné 0 0 0 0 0 4 0 1 0 0 1/1 20:24 5:33 2:32
Trevor Daley 0 0 0 -2 2 0 0 0 0 1 0/0 20:09 4:19 3:02
Vladimir Tarasenko 0 0 0 0 0 3 1 2 0 0 0/1 23:07 5:37 5:02
Players Stats for Devils
Player Name G A P +/- PIM S H SB GA TA FO MP PP MP PK MP
------------------------------------------------------------------------------------
Alexander Perezhogin 0 0 0 1 2 0 1 0 0 0 0/0 7:47 0:00 0:00
Anthony Stewart 1 0 1 0 0 3 0 0 0 0 2/2 12:39 0:00 1:53
Anton Volchenkov 0 0 0 2 0 3 1 2 0 0 0/0 15:01 0:00 4:08
Brandon Bollig 0 1 1 1 0 1 0 0 0 0 0/0 7:21 0:00 0:00
Brayden Schenn 0 0 0 2 2 2 3 0 0 1 10/32 20:01 3:15 4:22
Dmitry Kulikov 0 0 0 1 0 1 1 0 0 2 0/0 18:11 0:00 5:47
Jaden Schwartz 0 0 0 0 0 2 1 0 0 0 2/3 14:12 3:15 0:00
Johnny Gaudreau 4 0 4 2 2 8 1 0 0 1 3/4 18:48 5:15 1:35
Jordan Eberle 0 2 2 2 0 3 0 0 1 1 2/2 23:14 5:15 5:28
Kellan Lain 0 2 2 0 0 2 1 0 0 1 1/1 13:28 0:00 2:43
Kevin Shattenkirk 0 1 1 0 0 0 1 1 0 1 0/0 18:48 2:27 0:00
Luke Schenn 1 3 4 0 0 1 1 2 1 0 0/0 26:47 6:03 4:08
Scott Gomez 0 2 2 0 0 6 0 1 0 1 1/7 14:14 0:00 3:29
Sidney Crosby 0 3 3 0 2 4 3 1 1 1 5/12 16:43 5:15 0:20
Travis Hamonic 0 0 0 2 0 3 1 1 2 0 0/0 20:38 2:27 5:47
Tyler Bozak 1 0 1 1 0 1 0 0 0 0 1/2 7:21 0:00 0:00
Tyler Cuma 0 0 0 1 2 0 2 0 0 0 0/0 20:35 6:03 0:00
Viktor Arvidsson 0 0 0 0 0 0 1 1 0 0 0/0 14:12 3:15 0:00
3 Stars
1 - Johnny Gaudreau (NJD)
2 - Luke Schenn (NJD)
3 - Ryan Miller (NJD)
Power Play
Nordiques - 0 on 5 Attempt(s) - 0.00%
Devils - 3 on 7 Attempt(s) - 42.86%
Penalty Kill
Nordiques - 4 on 7 Attempt(s) - 57.14%
- Score 0 goal in Penalty Kill
Devils - 5 on 5 Attempt(s) - 100.00%
- Score 0 goal in Penalty Kill
Team Stat
Nordiques - Hits : 11 - Faceoff Wins : 38 - Blocked Shots : 14 - Penalty Minutes : 14
Devils - Hits : 18 - Faceoff Wins : 27 - Blocked Shots : 9 - Penalty Minutes : 10
Official
Referees : Unknown
Linesman : Unknown
Game Notes
Johnny Gaudreau has scored a Hat Trick!
Finance
Level 1 -- Attendance: 6000 (100.00%) -- Ticket Income $540,000
Level 2 -- Attendance: 4584 (91.68%) -- Ticket Income $252,120
Level 3 -- Attendance: 1864 (93.20%) -- Ticket Income $67,104
Level 4 -- Attendance: 3577 (89.43%) -- Ticket Income $89,425
Luxury Box -- Attendance: 912 (91.20%) -- Ticket Income $141,360
Game was played at the The prudential Center.
Total Attendance: 16937 (94.09%)
Total Ticket Income: $1,090,009
Other Income: $163,501
Total Income: $1,253,510
Nordiques
5 vs 5 Forward
Center Left Wing Right Wing Time % Phy DF OF
1 Marc Savard Simon Gagné Vladimir Tarasenko 40 0 1 4
2 Chris Drury R.J. Umberger Ryan Callahan 30 1 1 3
3 David Legwand Matt Moulson Jean-Pierre Dumont 20 1 1 3
4 Mike Fisher Kyle Calder George Parros 10 2 1 2
5 vs 5 Defense
Defense Defense Time % Phy DF OF
1 Jay Bouwmeester Ryan Ellis 40 1 3 1
2 Fedor Tyutin Trevor Daley 30 1 3 1
3 Dustin Byfuglien Mark Eaton 20 1 3 1
4 Jay Bouwmeester Ryan Ellis 10 1 3 1
PowerPlay Forward
Center Left Wing Right Wing Time % Phy DF OF
1 Marc Savard Simon Gagné Vladimir Tarasenko 60 0 0 5
2 David Legwand R.J. Umberger Ryan Callahan 40 0 0 5
PowerPlay Defense
Defense Defense Time % Phy DF OF
1 Jay Bouwmeester Ryan Ellis 60 0 2 3
2 Trevor Daley Fedor Tyutin 40 0 2 3
Penalty Kill 4 Players Forward
Center Wing Time % Phy DF OF
1 Marc Savard Vladimir Tarasenko 60 1 4 0
2 David Legwand Simon Gagné 40 1 4 0
Penalty Kill 4 Players Defense
Defense Defense Time % Phy DF OF
1 Fedor Tyutin Ryan Ellis 60 1 4 0
2 Trevor Daley Mark Eaton 40 1 4 0
Penalty Kill - 3 Players Forward
Forward Time % Phy DF OF
1 Marc Savard 60 0 5 0
2 Vladimir Tarasenko 40 0 5 0
Penalty Kill - 3 Players Defense
Defense Defense Time % Phy DF OF
1 Fedor Tyutin Ryan Ellis 60 1 4 0
2 Mark Eaton Trevor Daley 40 1 4 0
4 vs 4 Forward
Center Wing Time % Phy DF OF
1 Marc Savard Vladimir Tarasenko 60 0 1 4
2 David Legwand Chris Drury 40 0 1 4
4 vs 4 Defense
Defense Defense Time % Phy DF OF
1 Jay Bouwmeester Ryan Ellis 60 1 4 0
2 Fedor Tyutin Trevor Daley 40 1 4 0
Last Minutes Offensive
Center Left Wing Right Wing Defense Defense
Marc Savard Simon Gagné Vladimir Tarasenko Fedor Tyutin Ryan Ellis
Last Minutes Defensive
Center Left Wing Right Wing Defense Defense
Marc Savard Mike Fisher Vladimir Tarasenko Jay Bouwmeester Ryan Ellis
Goaltenders
Starting : Julien Ellis
Backup : Philipp Grubauer
Extra Forwards
Normal : Vladimir Tarasenko, Ryan Callahan, David Legwand - PP : Vladimir Tarasenko, Ryan Callahan - PK : R.J. Umberger
Extra Defensemen
Normal : Ryan Ellis, Fedor Tyutin, Jay Bouwmeester - PP : Ryan Ellis - PK : Mark Eaton, Fedor Tyutin
Penalty Shots
Marc Savard, Vladimir Tarasenko, David Legwand, Chris Drury, Ryan Callahan
Scratches
Bruno Gervais (Healthy), Paul Gaustad (Healthy), T.J. Fast (Healthy), Tim Crowder (Healthy), Jonathan Quick (Healthy)
Devils
5 vs 5 Forward
Center Left Wing Right Wing Time % Phy DF OF
1 Brayden Schenn Johnny Gaudreau Jordan Eberle 40 1 2 2
2 Sidney Crosby Jaden Schwartz Viktor Arvidsson 30 1 2 2
3 Scott Gomez Kellan Lain Anthony Stewart 20 1 2 2
4 Tyler Bozak Brandon Bollig Alexander Perezhogin 10 1 2 2
5 vs 5 Defense
Defense Defense Time % Phy DF OF
1 Kevin Shattenkirk Luke Schenn 40 1 2 2
2 Tyler Cuma Travis Hamonic 30 1 2 2
3 Anton Volchenkov Dmitry Kulikov 20 1 2 2
4 Tyler Cuma Dmitry Kulikov 10 1 2 2
PowerPlay Forward
Center Left Wing Right Wing Time % Phy DF OF
1 Sidney Crosby Johnny Gaudreau Jordan Eberle 60 1 2 2
2 Brayden Schenn Jaden Schwartz Viktor Arvidsson 40 1 2 2
PowerPlay Defense
Defense Defense Time % Phy DF OF
1 Tyler Cuma Luke Schenn 60 1 2 2
2 Travis Hamonic Kevin Shattenkirk 40 1 2 2
Penalty Kill 4 Players Forward
Center Wing Time % Phy DF OF
1 Brayden Schenn Jordan Eberle 60 1 2 2
2 Scott Gomez Kellan Lain 40 1 2 2
Penalty Kill 4 Players Defense
Defense Defense Time % Phy DF OF
1 Dmitry Kulikov Travis Hamonic 60 1 2 2
2 Anton Volchenkov Luke Schenn 40 1 2 2
Penalty Kill - 3 Players Forward
Forward Time % Phy DF OF
1 Brayden Schenn 60 1 2 2
2 Scott Gomez 40 1 2 2
Penalty Kill - 3 Players Defense
Defense Defense Time % Phy DF OF
1 Anton Volchenkov Travis Hamonic 60 1 2 2
2 Dmitry Kulikov Luke Schenn 40 1 2 2
4 vs 4 Forward
Center Wing Time % Phy DF OF
1 Sidney Crosby Jordan Eberle 60 1 2 2
2 Brayden Schenn Johnny Gaudreau 40 1 2 2
4 vs 4 Defense
Defense Defense Time % Phy DF OF
1 Kevin Shattenkirk Travis Hamonic 60 1 2 2
2 Tyler Cuma Dmitry Kulikov 40 1 2 2
Last Minutes Offensive
Center Left Wing Right Wing Defense Defense
Sidney Crosby Johnny Gaudreau Jordan Eberle Luke Schenn Kevin Shattenkirk
Last Minutes Defensive
Center Left Wing Right Wing Defense Defense
Brayden Schenn Jaden Schwartz Jordan Eberle Kevin Shattenkirk Travis Hamonic
Goaltenders
Starting : Ryan Miller
Backup : Keith Kinkaid
Extra Forwards
Normal : Scott Gomez, Jaden Schwartz, Anthony Stewart - PP : Scott Gomez, Johnny Gaudreau - PK : Anthony Stewart
Extra Defensemen
Normal : Luke Schenn, Anton Volchenkov, Tyler Cuma - PP : Luke Schenn - PK : Anton Volchenkov, Tyler Cuma
Penalty Shots
Viktor Arvidsson, Sidney Crosby, Jordan Eberle, Brayden Schenn, Jaden Schwartz
Scratches
None
% Time on Ice - Nordiques
Lines # - Real PCT - Wanted PCT - Time Play
Normal Forward
1 - 30% - 40% - 12:28
2 - 27% - 30% - 11:18
3 - 24% - 20% - 10:04
4 - 19% - 10% - 7:45
Normal Defense
1 - 40% - 40% - 16:42
2 - 31% - 30% - 12:49
3 - 27% - 20% - 11:19
4 - 2% - 10% - 0:45
PP Forward
1 - 57% - 60% - 5:37
2 - 43% - 40% - 4:18
PP Defense
1 - 56% - 60% - 5:36
2 - 44% - 40% - 4:19
PK Forward
1 - 70% - 60% - 5:58
2 - 30% - 40% - 2:32
PK Defense
1 - 61% - 60% - 5:11
2 - 39% - 40% - 3:19
PK3 Forward
1 - 0% - 60%
2 - 0% - 40%
PK3 Defense
1 - 0% - 60%
2 - 0% - 40%
44 Forward
1 - 0% - 60%
2 - 0% - 40%
44 Defense
1 - 0% - 60%
2 - 0% - 40%
Last Minute Offensive - 0:00
Last Minute Defensive - 0:00
Total
Forward - 60:00
Defense - 60:00
|
% Time on Ice - Devils
Lines # - Real PCT - Wanted PCT - Time Play
Normal Forward
1 - 30% - 40% - 12:32
2 - 26% - 30% - 10:57
3 - 26% - 20% - 10:45
4 - 18% - 10% - 7:21
Normal Defense
1 - 39% - 40% - 16:01
2 - 34% - 30% - 13:57
3 - 20% - 20% - 8:25
4 - 8% - 10% - 3:12
PP Forward
1 - 62% - 60% - 5:15
2 - 38% - 40% - 3:15
PP Defense
1 - 71% - 60% - 6:03
2 - 29% - 40% - 2:27
PK Forward
1 - 75% - 60% - 7:24
2 - 25% - 40% - 2:31
PK Defense
1 - 58% - 60% - 5:47
2 - 42% - 40% - 4:08
PK3 Forward
1 - 0% - 60%
2 - 0% - 40%
PK3 Defense
1 - 0% - 60%
2 - 0% - 40%
44 Forward
1 - 0% - 60%
2 - 0% - 40%
44 Defense
1 - 0% - 60%
2 - 0% - 40%
Last Minute Offensive - 0:00
Last Minute Defensive - 0:00
Total
Forward - 60:00
Defense - 60:00
|
Play-by-Play
1st period
0:01 of 1st period - Marc Savard wins face-off versus Brayden Schenn in neutral zone.
0:26 of 1st period - Luke Schenn is hit by R.J. Umberger and loses puck.
0:35 of 1st period - Snap shot by R.J. Umberger.
0:35 of 1st period - Stopped by Ryan Miller with a rebound.
0:37 of 1st period - Snap shot by R.J. Umberger.
0:37 of 1st period - Shot Misses the Net.
0:51 of 1st period - Wrist shot by Scott Gomez.
0:51 of 1st period - Shot Blocked by Jean-Pierre Dumont.
1:08 of 1st period - Off-side.
1:09 of 1st period - Mike Fisher wins face-off versus Tyler Bozak in neutral zone.
1:24 of 1st period - Snap shot by George Parros.
1:24 of 1st period - Stopped by Ryan Miller without a rebound.
1:25 of 1st period - Marc Savard wins face-off versus Brayden Schenn in Devils zone.
2:09 of 1st period - Slapshot by Jay Bouwmeester.
2:09 of 1st period - Deflect By Jean-Pierre Dumont.
2:09 of 1st period - Stopped by Ryan Miller without a rebound.
2:10 of 1st period - Anthony Stewart wins face-off versus David Legwand in Devils zone.
2:21 of 1st period - Trevor Daley is hit by Kellan Lain and loses puck.
2:34 of 1st period - Snap shot by Kevin Shattenkirk.
2:34 of 1st period - Deflect By Scott Gomez.
2:34 of 1st period - Shot Blocked by Simon Gagné.
2:34 of 1st period - Puck is out of play.
2:35 of 1st period - Brayden Schenn wins face-off versus Marc Savard in Nordiques zone.
3:04 of 1st period - Icing by Luke Schenn.
3:05 of 1st period - Chris Drury wins face-off versus Sidney Crosby in Devils zone.
3:24 of 1st period - Wrist shot by Jaden Schwartz.
3:24 of 1st period - Stopped by Julien Ellis with a rebound.
3:36 of 1st period - Slapshot by Travis Hamonic.
3:36 of 1st period - Deflect By Chris Drury.
3:36 of 1st period - Stopped by Julien Ellis without a rebound.
3:37 of 1st period - Marc Savard wins face-off versus Brayden Schenn in Nordiques zone.
3:46 of 1st period - Snap shot by Johnny Gaudreau.
3:46 of 1st period - Stopped by Julien Ellis with a rebound.
3:48 of 1st period - Slapshot by Brayden Schenn.
3:48 of 1st period - Stopped by Julien Ellis with a rebound.
3:50 of 1st period - Slapshot by Jordan Eberle.
3:50 of 1st period - Shot Blocked by Ryan Ellis.
4:32 of 1st period - Wrist shot by R.J. Umberger.
4:32 of 1st period - Deflect By Chris Drury.
4:32 of 1st period - Shot Misses the Net.
4:32 of 1st period - Puck is out of play.
4:33 of 1st period - Marc Savard wins face-off versus Brayden Schenn in Devils zone.
4:49 of 1st period - Minor Penalty to Marc Savard for Cross-checking.
4:50 of 1st period - R.J. Umberger wins face-off versus Sidney Crosby in Nordiques zone.
6:49 of 1st period - Penalty to Marc Savard is over, Marc Savard is back on ice.
7:37 of 1st period - Travis Hamonic is hit by Jean-Pierre Dumont and loses puck.
8:16 of 1st period - Sidney Crosby is hit by George Parros.
8:47 of 1st period - Marc Savard is hit by Brayden Schenn and loses puck.
9:00 of 1st period - Scott Gomez is hit by David Legwand.
9:04 of 1st period - Snap shot by Matt Moulson.
9:04 of 1st period - Stopped by Ryan Miller without a rebound.
9:05 of 1st period - David Legwand wins face-off versus Sidney Crosby in Devils zone.
9:12 of 1st period - Matt Moulson is hit by Sidney Crosby and loses puck.
9:22 of 1st period - Minor Penalty to Trevor Daley for Goalie Interference.
9:23 of 1st period - Sidney Crosby wins face-off versus Marc Savard in Nordiques zone.
10:16 of 1st period - Snap shot by Johnny Gaudreau.
10:16 of 1st period - Goal by Johnny Gaudreau - Nordiques : 0 - Devils : 1.
10:17 of 1st period - Kellan Lain wins face-off versus Marc Savard in neutral zone.
10:44 of 1st period - Anton Volchenkov is hit by Chris Drury and loses puck.
11:50 of 1st period - Slapshot by Anton Volchenkov.
11:50 of 1st period - Stopped by Julien Ellis with a rebound.
11:52 of 1st period - Slapshot by Dmitry Kulikov.
11:52 of 1st period - Shot Misses the Net.
11:54 of 1st period - Snap shot by Anton Volchenkov.
11:54 of 1st period - Deflect By Brandon Bollig.
11:54 of 1st period - Stopped by Julien Ellis without a rebound.
11:55 of 1st period - Marc Savard wins face-off versus Brayden Schenn in Nordiques zone.
12:04 of 1st period - Snap shot by Vladimir Tarasenko.
12:04 of 1st period - Shot Misses the Net.
12:48 of 1st period - Snap shot by Scott Gomez.
12:48 of 1st period - Stopped by Julien Ellis without a rebound.
12:49 of 1st period - Marc Savard wins face-off versus Johnny Gaudreau in Nordiques zone.
13:00 of 1st period - Slapshot by Simon Gagné.
13:00 of 1st period - Shot Misses the Net.
13:25 of 1st period - Wrist shot by Kellan Lain.
13:25 of 1st period - Shot Misses the Net.
13:27 of 1st period - Snap shot by Anthony Stewart.
13:27 of 1st period - Deflect By Scott Gomez.
13:27 of 1st period - Stopped by Julien Ellis with a rebound.
13:29 of 1st period - Slapshot by Travis Hamonic.
13:29 of 1st period - Stopped by Julien Ellis with a rebound.
14:16 of 1st period - Slapshot by Ryan Ellis.
14:16 of 1st period - Stopped by Ryan Miller with a rebound.
14:24 of 1st period - Wrist shot by Dmitry Kulikov.
14:24 of 1st period - Shot Blocked by Ryan Ellis.
15:18 of 1st period - Travis Hamonic is hit by Dustin Byfuglien and loses puck.
16:11 of 1st period - Snap shot by Jaden Schwartz.
16:11 of 1st period - Stopped by Julien Ellis without a rebound.
16:12 of 1st period - Jordan Eberle wins face-off versus Marc Savard in Nordiques zone.
16:50 of 1st period - Wrist shot by Ryan Callahan.
16:50 of 1st period - Shot Blocked by Luke Schenn.
17:00 of 1st period - Snap shot by Sidney Crosby.
17:00 of 1st period - Stopped by Julien Ellis without a rebound.
17:01 of 1st period - David Legwand wins face-off versus Scott Gomez in Nordiques zone.
17:03 of 1st period - Icing by Jean-Pierre Dumont.
17:04 of 1st period - David Legwand wins face-off versus Scott Gomez in Nordiques zone.
17:27 of 1st period - Snap shot by Matt Moulson.
17:27 of 1st period - Stopped by Ryan Miller with a rebound.
17:29 of 1st period - Snap shot by Matt Moulson.
17:29 of 1st period - Stopped by Ryan Miller without a rebound.
17:30 of 1st period - Marc Savard wins face-off versus Brayden Schenn in Devils zone.
17:39 of 1st period - Wrist shot by Vladimir Tarasenko.
17:39 of 1st period - Deflect By Simon Gagné.
17:39 of 1st period - Stopped by Ryan Miller with a rebound.
17:55 of 1st period - Wrist shot by Chris Drury.
17:55 of 1st period - Shot Blocked by Viktor Arvidsson.
17:57 of 1st period - Snap shot by R.J. Umberger.
17:57 of 1st period - Stopped by Ryan Miller without a rebound.
17:58 of 1st period - Jaden Schwartz wins face-off versus Chris Drury in Devils zone.
18:00 of 1st period - Minor Penalty to Sidney Crosby for High sticking.
18:01 of 1st period - Marc Savard wins face-off versus Brayden Schenn in Devils zone.
19:30 of 1st period - Marc Savard is hit by Anton Volchenkov and loses puck.
0:00 of 2nd period - Penalty to Sidney Crosby is over, Sidney Crosby is back on ice.
Goals for this period are 0 for Nordiques vs 1 for Devils.
Shots for this period are 9 for Nordiques vs 12 for Devils.
2nd period
0:01 of 2nd period - Brayden Schenn wins face-off versus Marc Savard in neutral zone.
0:56 of 2nd period - Wrist shot by Scott Gomez.
0:56 of 2nd period - Stopped by Julien Ellis with a rebound.
0:58 of 2nd period - Snap shot by Travis Hamonic.
0:58 of 2nd period - Stopped by Julien Ellis without a rebound.
0:59 of 2nd period - Marc Savard wins face-off versus Brayden Schenn in Nordiques zone.
1:15 of 2nd period - Wrist shot by Jordan Eberle.
1:15 of 2nd period - Shot Misses the Net.
2:06 of 2nd period - Off-side.
2:07 of 2nd period - Tyler Bozak wins face-off versus Mike Fisher in neutral zone.
2:09 of 2nd period - Minor Penalty to Alexander Perezhogin for Tripping.
2:10 of 2nd period - Jordan Eberle wins face-off versus Vladimir Tarasenko in Devils zone.
2:41 of 2nd period - Jay Bouwmeester is hit by Brayden Schenn and loses puck.
3:12 of 2nd period - Slapshot by Ryan Ellis.
3:12 of 2nd period - Deflect By David Legwand.
3:12 of 2nd period - Shot Blocked by Anton Volchenkov.
3:12 of 2nd period - Puck is out of play.
3:13 of 2nd period - Marc Savard wins face-off versus Scott Gomez in Devils zone.
3:16 of 2nd period - Backhand shot by Simon Gagné.
3:16 of 2nd period - Stopped by Ryan Miller with a rebound.
4:09 of 2nd period - Penalty to Alexander Perezhogin is over, Alexander Perezhogin is back on ice.
4:15 of 2nd period - Wrist shot by Jordan Eberle.
4:15 of 2nd period - Shot Misses the Net.
5:07 of 2nd period - Minor Penalty to Tyler Cuma for Holding.
5:08 of 2nd period - Marc Savard wins face-off versus Brayden Schenn in Devils zone.
5:08 of 2nd period - Backhand shot by Vladimir Tarasenko.
5:08 of 2nd period - Stopped by Ryan Miller with a rebound.
5:10 of 2nd period - Slapshot by Fedor Tyutin.
5:10 of 2nd period - Deflect By Vladimir Tarasenko.
5:10 of 2nd period - Shot Misses the Net.
5:10 of 2nd period - Puck is out of play.
5:11 of 2nd period - Marc Savard wins face-off versus Brayden Schenn in Devils zone.
5:19 of 2nd period - Icing by Trevor Daley.
5:20 of 2nd period - Marc Savard wins face-off versus Brayden Schenn in Nordiques zone.
5:52 of 2nd period - Snap shot by R.J. Umberger.
5:52 of 2nd period - Shot Misses the Net.
6:12 of 2nd period - Jordan Eberle is hit by Ryan Ellis and loses puck.
7:07 of 2nd period - Penalty to Tyler Cuma is over, Tyler Cuma is back on ice.
7:55 of 2nd period - Snap shot by Scott Gomez.
7:55 of 2nd period - Stopped by Julien Ellis without a rebound.
7:56 of 2nd period - Mike Fisher wins face-off versus Brayden Schenn in Nordiques zone.
8:49 of 2nd period - Mark Eaton is hit by Kevin Shattenkirk and loses puck.
9:02 of 2nd period - David Legwand is hit by Dmitry Kulikov and loses puck.
10:10 of 2nd period - Wrist shot by Johnny Gaudreau.
10:10 of 2nd period - Goal by Johnny Gaudreau - Nordiques : 0 - Devils : 2.
10:11 of 2nd period - Johnny Gaudreau wins face-off versus Marc Savard in neutral zone.
10:24 of 2nd period - Snap shot by Johnny Gaudreau.
10:24 of 2nd period - Deflect By Jordan Eberle.
10:24 of 2nd period - Shot Misses the Net.
10:24 of 2nd period - Puck is out of play.
10:25 of 2nd period - Brayden Schenn wins face-off versus Marc Savard in Nordiques zone.
10:33 of 2nd period - Minor Penalty to Marc Savard for Hooking.
10:34 of 2nd period - Johnny Gaudreau wins face-off versus R.J. Umberger in Nordiques zone.
10:38 of 2nd period - Snap shot by Johnny Gaudreau.
10:38 of 2nd period - Shot Misses the Net.
10:40 of 2nd period - Snap shot by Luke Schenn.
10:40 of 2nd period - Shot Blocked by Vladimir Tarasenko.
10:42 of 2nd period - Snap shot by Johnny Gaudreau.
10:42 of 2nd period - Goal by Johnny Gaudreau - Nordiques : 0 - Devils : 3.
10:43 of 2nd period - Brayden Schenn wins face-off versus Marc Savard in neutral zone.
10:48 of 2nd period - Snap shot by Jordan Eberle.
10:48 of 2nd period - Stopped by Julien Ellis without a rebound.
10:49 of 2nd period - Marc Savard wins face-off versus Brayden Schenn in Nordiques zone.
11:00 of 2nd period - Snap shot by Vladimir Tarasenko.
11:00 of 2nd period - Deflect By Simon Gagné.
11:00 of 2nd period - Stopped by Ryan Miller with a rebound.
11:02 of 2nd period - Slapshot by Vladimir Tarasenko.
11:02 of 2nd period - Shot Blocked by Kevin Shattenkirk.
13:02 of 2nd period - Snap shot by Johnny Gaudreau.
13:02 of 2nd period - Stopped by Julien Ellis without a rebound.
13:03 of 2nd period - Chris Drury wins face-off versus Brayden Schenn in Nordiques zone.
13:24 of 2nd period - Snap shot by Johnny Gaudreau.
13:24 of 2nd period - Shot Blocked by R.J. Umberger.
13:30 of 2nd period - Wrist shot by Johnny Gaudreau.
13:30 of 2nd period - Stopped by Julien Ellis with a rebound.
13:32 of 2nd period - Wrist shot by Jordan Eberle.
13:32 of 2nd period - Stopped by Julien Ellis with a rebound.
13:34 of 2nd period - Backhand shot by Jordan Eberle.
13:34 of 2nd period - Deflect By Ryan Callahan.
13:34 of 2nd period - Shot Misses the Net.
13:34 of 2nd period - Puck is out of play.
13:35 of 2nd period - Sidney Crosby wins face-off versus Marc Savard in Nordiques zone.
14:00 of 2nd period - David Legwand is hit by Luke Schenn and loses puck.
14:09 of 2nd period - Wrist shot by Scott Gomez.
14:09 of 2nd period - Stopped by Julien Ellis with a rebound.
14:43 of 2nd period - Off-side.
14:44 of 2nd period - Marc Savard wins face-off versus Jaden Schwartz in neutral zone.
15:18 of 2nd period - Slapshot by Matt Moulson.
15:18 of 2nd period - Shot Blocked by Anton Volchenkov.
15:22 of 2nd period - Wrist shot by David Legwand.
15:22 of 2nd period - Shot Misses the Net.
15:34 of 2nd period - Slapshot by Dmitry Kulikov.
15:34 of 2nd period - Shot Misses the Net.
15:36 of 2nd period - Snap shot by Dmitry Kulikov.
15:36 of 2nd period - Shot Blocked by R.J. Umberger.
15:38 of 2nd period - Slapshot by Anton Volchenkov.
15:38 of 2nd period - Stopped by Julien Ellis without a rebound.
15:39 of 2nd period - Simon Gagné wins face-off versus Sidney Crosby in Nordiques zone.
15:50 of 2nd period - Wrist shot by Vladimir Tarasenko.
15:50 of 2nd period - Stopped by Ryan Miller without a rebound.
15:51 of 2nd period - Marc Savard wins face-off versus Brayden Schenn in Devils zone.
16:22 of 2nd period - Minor Penalty to Chris Drury for Interference.
16:23 of 2nd period - Sidney Crosby wins face-off versus Marc Savard in Nordiques zone.
17:00 of 2nd period - Snap shot by Simon Gagné.
17:00 of 2nd period - Stopped by Ryan Miller without a rebound.
17:01 of 2nd period - David Legwand wins face-off versus Sidney Crosby in Devils zone.
17:28 of 2nd period - David Legwand is hit by Viktor Arvidsson and loses puck.
18:22 of 2nd period - Penalty to Chris Drury is over, Chris Drury is back on ice.
18:34 of 2nd period - Slapshot by Ryan Ellis.
18:34 of 2nd period - Shot Blocked by Scott Gomez.
18:36 of 2nd period - Slapshot by Mark Eaton.
18:36 of 2nd period - Stopped by Ryan Miller without a rebound.
18:37 of 2nd period - Mike Fisher wins face-off versus Scott Gomez in Devils zone.
18:46 of 2nd period - Wrist shot by Scott Gomez.
18:46 of 2nd period - Shot Misses the Net.
19:08 of 2nd period - Snap shot by Kyle Calder.
19:08 of 2nd period - Stopped by Ryan Miller with a rebound.
19:10 of 2nd period - Slapshot by Mark Eaton.
19:10 of 2nd period - Stopped by Ryan Miller with a rebound.
19:12 of 2nd period - Slapshot by Mark Eaton.
19:12 of 2nd period - Shot Misses the Net.
19:14 of 2nd period - Backhand shot by Mark Eaton.
19:14 of 2nd period - Goal by Mark Eaton - Nordiques : 1 - Devils : 3.
19:15 of 2nd period - Marc Savard wins face-off versus Brayden Schenn in neutral zone.
19:30 of 2nd period - Snap shot by Jordan Eberle.
19:30 of 2nd period - Stopped by Julien Ellis with a rebound.
19:32 of 2nd period - Minor Penalty to Marc Savard for Roughing.
19:33 of 2nd period - Sidney Crosby wins face-off versus R.J. Umberger in Nordiques zone.
19:34 of 2nd period - Snap shot by Jordan Eberle.
19:34 of 2nd period - Shot Misses the Net.
19:36 of 2nd period - Snap shot by Luke Schenn.
19:36 of 2nd period - Goal by Luke Schenn - Nordiques : 1 - Devils : 4.
19:37 of 2nd period - Brayden Schenn wins face-off versus Marc Savard in neutral zone.
Goals for this period are 1 for Nordiques vs 3 for Devils.
Shots for this period are 9 for Nordiques vs 13 for Devils.
3rd period
0:01 of 3rd period - Marc Savard wins face-off versus Brayden Schenn in neutral zone.
0:35 of 3rd period - R.J. Umberger is hit by Sidney Crosby and loses puck.
0:48 of 3rd period - Snap shot by Brandon Bollig.
0:48 of 3rd period - Deflect By Tyler Bozak.
0:48 of 3rd period - Goal by Tyler Bozak - Nordiques : 1 - Devils : 5.
0:49 of 3rd period - Marc Savard wins face-off versus Brayden Schenn in neutral zone.
1:15 of 3rd period - Kevin Shattenkirk is hit by Jay Bouwmeester.
1:25 of 3rd period - Wrist shot by Sidney Crosby.
1:25 of 3rd period - Stopped by Julien Ellis with a rebound.
1:43 of 3rd period - Slapshot by Scott Gomez.
1:43 of 3rd period - Shot Misses the Net.
1:45 of 3rd period - Slapshot by Dmitry Kulikov.
1:45 of 3rd period - Deflect By Jean-Pierre Dumont.
1:45 of 3rd period - Stopped by Julien Ellis with a rebound.
1:47 of 3rd period - Wrist shot by Scott Gomez.
1:47 of 3rd period - Shot Misses the Net.
1:49 of 3rd period - Slapshot by Dmitry Kulikov.
1:49 of 3rd period - Shot Blocked by Fedor Tyutin.
1:51 of 3rd period - Wrist shot by Anton Volchenkov.
1:51 of 3rd period - Stopped by Julien Ellis without a rebound.
1:52 of 3rd period - Johnny Gaudreau wins face-off versus Marc Savard in Nordiques zone.
1:57 of 3rd period - Slapshot by Brayden Schenn.
1:57 of 3rd period - Deflect By Vladimir Tarasenko.
1:57 of 3rd period - Stopped by Julien Ellis with a rebound.
1:59 of 3rd period - Wrist shot by Jordan Eberle.
1:59 of 3rd period - Shot Misses the Net.
2:01 of 3rd period - Snap shot by Johnny Gaudreau.
2:01 of 3rd period - Stopped by Julien Ellis with a rebound.
2:59 of 3rd period - Fedor Tyutin is hit by Tyler Cuma and loses puck.
3:04 of 3rd period - Wrist shot by Brandon Bollig.
3:04 of 3rd period - Shot Misses the Net.
3:26 of 3rd period - Fedor Tyutin is hit by Johnny Gaudreau and loses puck.
4:07 of 3rd period - Off-side.
4:08 of 3rd period - Scott Gomez wins face-off versus David Legwand in neutral zone.
5:02 of 3rd period - Slapshot by Tyler Cuma.
5:02 of 3rd period - Shot Misses the Net.
5:04 of 3rd period - Snap shot by Anthony Stewart.
5:04 of 3rd period - Shot Blocked by Mark Eaton.
5:06 of 3rd period - Snap shot by Anthony Stewart.
5:06 of 3rd period - Stopped by Julien Ellis with a rebound.
5:18 of 3rd period - Backhand shot by Anthony Stewart.
5:18 of 3rd period - Shot Misses the Net.
5:22 of 3rd period - Wrist shot by Scott Gomez.
5:22 of 3rd period - Shot Blocked by David Legwand.
5:30 of 3rd period - Snap shot by Kellan Lain.
5:30 of 3rd period - Stopped by Julien Ellis with a rebound.
5:32 of 3rd period - Snap shot by Kellan Lain.
5:32 of 3rd period - Stopped by Julien Ellis with a rebound.
5:34 of 3rd period - Wrist shot by Anthony Stewart.
5:34 of 3rd period - Goal by Anthony Stewart - Nordiques : 1 - Devils : 6.
5:35 of 3rd period - Marc Savard wins face-off versus Brayden Schenn in neutral zone.
5:37 of 3rd period - Minor Penalty to Jay Bouwmeester for Hooking.
5:38 of 3rd period - Marc Savard wins face-off versus Sidney Crosby in Nordiques zone.
5:44 of 3rd period - Wrist shot by Sidney Crosby.
5:44 of 3rd period - Shot Misses the Net.
5:46 of 3rd period - Snap shot by Sidney Crosby.
5:46 of 3rd period - Stopped by Julien Ellis with a rebound.
5:48 of 3rd period - Wrist shot by Sidney Crosby.
5:48 of 3rd period - Shot Blocked by Marc Savard.
6:04 of 3rd period - Ryan Ellis is hit by Jaden Schwartz and loses puck.
7:18 of 3rd period - David Legwand is hit by Tyler Cuma and loses puck.
7:37 of 3rd period - Penalty to Jay Bouwmeester is over, Jay Bouwmeester is back on ice.
7:41 of 3rd period - R.J. Umberger is hit by Sidney Crosby and loses puck.
7:56 of 3rd period - Wrist shot by Mike Fisher.
7:56 of 3rd period - Stopped by Ryan Miller without a rebound.
7:57 of 3rd period - Mike Fisher wins face-off versus Scott Gomez in Devils zone.
8:02 of 3rd period - Snap shot by George Parros.
8:02 of 3rd period - Shot Misses the Net.
8:31 of 3rd period - Alexander Perezhogin is hit by R.J. Umberger and loses puck.
8:38 of 3rd period - Chris Drury is hit by Alexander Perezhogin and loses puck.
8:46 of 3rd period - Icing by Ryan Callahan.
8:47 of 3rd period - Jaden Schwartz wins face-off versus David Legwand in Nordiques zone.
8:58 of 3rd period - Wrist shot by David Legwand.
8:58 of 3rd period - Shot Blocked by Sidney Crosby.
9:00 of 3rd period - Slapshot by Mark Eaton.
9:00 of 3rd period - Shot Misses the Net.
9:02 of 3rd period - Slapshot by David Legwand.
9:02 of 3rd period - Shot Hit the Post.
9:14 of 3rd period - Simon Gagné is hit by Brayden Schenn and loses puck.
10:03 of 3rd period - Snap shot by Brandon Bollig.
10:03 of 3rd period - Shot Misses the Net.
10:39 of 3rd period - Wrist shot by Kyle Calder.
10:39 of 3rd period - Shot Misses the Net.
10:49 of 3rd period - Snap shot by Mike Fisher.
10:49 of 3rd period - Stopped by Ryan Miller without a rebound.
10:50 of 3rd period - Marc Savard wins face-off versus Brayden Schenn in Devils zone.
10:51 of 3rd period - Backhand shot by Ryan Ellis.
10:51 of 3rd period - Shot Blocked by Luke Schenn.
10:53 of 3rd period - Snap shot by Simon Gagné.
10:53 of 3rd period - Deflect By Marc Savard.
10:53 of 3rd period - Stopped by Ryan Miller without a rebound.
10:54 of 3rd period - Brayden Schenn wins face-off versus Marc Savard in Devils zone.
10:56 of 3rd period - Minor Penalty to Brayden Schenn for Hooking.
10:57 of 3rd period - Anthony Stewart wins face-off versus Marc Savard in Devils zone.
11:31 of 3rd period - Wrist shot by Ryan Callahan.
11:31 of 3rd period - Stopped by Ryan Miller with a rebound.
11:33 of 3rd period - Snap shot by R.J. Umberger.
11:33 of 3rd period - Shot Misses the Net.
11:35 of 3rd period - Snap shot by R.J. Umberger.
11:35 of 3rd period - Stopped by Ryan Miller with a rebound.
11:37 of 3rd period - Wrist shot by David Legwand.
11:37 of 3rd period - Stopped by Ryan Miller with a rebound.
11:57 of 3rd period - Snap shot by Scott Gomez.
11:57 of 3rd period - Stopped by Julien Ellis with a rebound.
12:56 of 3rd period - Penalty to Brayden Schenn is over, Brayden Schenn is back on ice.
13:58 of 3rd period - Slapshot by Sidney Crosby.
13:58 of 3rd period - Stopped by Julien Ellis with a rebound.
14:03 of 3rd period - Icing by Trevor Daley.
14:04 of 3rd period - Brayden Schenn wins face-off versus Mike Fisher in Nordiques zone.
15:05 of 3rd period - Jordan Eberle is hit by Jean-Pierre Dumont and loses puck.
15:26 of 3rd period - Slapshot by Anthony Stewart.
15:26 of 3rd period - Stopped by Julien Ellis without a rebound.
15:27 of 3rd period - Marc Savard wins face-off versus Scott Gomez in Nordiques zone.
15:27 of 3rd period - Marc Savard is hit by Travis Hamonic.
15:55 of 3rd period - Slapshot by Johnny Gaudreau.
15:55 of 3rd period - Goal by Johnny Gaudreau - Nordiques : 1 - Devils : 7.
15:56 of 3rd period - Brayden Schenn wins face-off versus Marc Savard in neutral zone.
15:56 of 3rd period - Minor Penalty to Johnny Gaudreau for Hooking.
15:57 of 3rd period - Marc Savard wins face-off versus Brayden Schenn in Devils zone.
16:06 of 3rd period - Slapshot by Ryan Ellis.
16:06 of 3rd period - Stopped by Ryan Miller with a rebound.
16:08 of 3rd period - Snap shot by Ryan Ellis.
16:08 of 3rd period - Deflect By Travis Hamonic.
16:08 of 3rd period - Stopped by Ryan Miller without a rebound.
16:09 of 3rd period - Marc Savard wins face-off versus Brayden Schenn in Devils zone.
16:14 of 3rd period - Wrist shot by Marc Savard.
16:14 of 3rd period - Shot Misses the Net.
16:16 of 3rd period - Slapshot by Jay Bouwmeester.
16:16 of 3rd period - Shot Blocked by Travis Hamonic.
16:18 of 3rd period - Slapshot by Jay Bouwmeester.
16:18 of 3rd period - Deflect By Jordan Eberle.
16:18 of 3rd period - Stopped by Ryan Miller without a rebound.
16:19 of 3rd period - Brayden Schenn wins face-off versus Marc Savard in Devils zone.
16:19 of 3rd period - Brayden Schenn is hit by Vladimir Tarasenko.
16:31 of 3rd period - Snap shot by Simon Gagné.
16:31 of 3rd period - Shot Misses the Net.
17:13 of 3rd period - Wrist shot by Marc Savard.
17:13 of 3rd period - Deflect By Vladimir Tarasenko.
17:13 of 3rd period - Stopped by Ryan Miller without a rebound.
17:14 of 3rd period - Brayden Schenn wins face-off versus David Legwand in Devils zone.
17:56 of 3rd period - Penalty to Johnny Gaudreau is over, Johnny Gaudreau is back on ice.
18:33 of 3rd period - Minor Penalty to David Legwand for High sticking.
18:34 of 3rd period - Sidney Crosby wins face-off versus Marc Savard in Nordiques zone.
18:35 of 3rd period - Slapshot by Johnny Gaudreau.
18:35 of 3rd period - Shot Misses the Net.
18:37 of 3rd period - Snap shot by Sidney Crosby.
18:37 of 3rd period - Shot Blocked by Mark Eaton.
18:39 of 3rd period - Slapshot by Tyler Cuma.
18:39 of 3rd period - Shot Misses the Net.
18:41 of 3rd period - Snap shot by Johnny Gaudreau.
18:41 of 3rd period - Shot Misses the Net.
18:43 of 3rd period - Slapshot by Tyler Cuma.
18:43 of 3rd period - Shot Blocked by Marc Savard.
18:45 of 3rd period - Wrist shot by Jordan Eberle.
18:45 of 3rd period - Shot Blocked by Vladimir Tarasenko.
18:47 of 3rd period - Slapshot by Tyler Cuma.
18:47 of 3rd period - Deflect By Jordan Eberle.
18:47 of 3rd period - Shot Misses the Net.
18:47 of 3rd period - Puck is out of play.
18:48 of 3rd period - Marc Savard wins face-off versus Sidney Crosby in Nordiques zone.
18:55 of 3rd period - Wrist shot by Vladimir Tarasenko.
18:55 of 3rd period - Shot Misses the Net.
Goals for this period are 0 for Nordiques vs 3 for Devils.
Shots for this period are 10 for Nordiques vs 15 for Devils.
Back to the Top